 Dungeon Crawl Stone Soup version 0.17-a0-1648-g0a089d4 (webtiles) character file.

170 Gorice the Bolt Thrower (level 5, -1/38 HPs)
             Began as a Mummy Wanderer on Aug 12, 2015.
             Killed from afar by Sigmund (15 damage)
             ... with a puff of flame
             ... on level 4 of the Dungeon.
             The game lasted 00:14:07 (2780 turns).

Gorice the Bolt Thrower (Mummy Wanderer)            Turns: 2780, Time: 00:14:07

Health: -1/38      AC: 10    Str: 16    XL:     5   Next: 25%
Magic:  14/14      EV:  4    Int: 10    God:
Gold:   152        SH:  0    Dex: 13    Spells: 1 memorised, 3 levels left

rFire  x . .     SeeInvis .     b - +0 hand crossbow
rCold  + . .     Clarity  .     f - +0 plate armour
rNeg   + + +     SustAt   .     (no shield)
rPois  ∞         Gourm    .     (no helmet)
rElec  .         Spirit   .     (no cloak)
rCorr  .         Warding  .     (no gloves)
rMut   .         Stasis   .     (no boots)
MR     .....                    (no amulet)
Stlth  ..........               (no ring)
                                r - ring of magical power

@: about to teleport, not resistant to hostile enchantments, extremely
unstealthy
A: no food or potions, fire vulnerability, cold resistance 1, negative energy
resistance 3, torment resistance, unbreathing
a: no special abilities


You were on level 4 of the Dungeon.
You were not hungry.

You visited 1 branch of the dungeon, and saw 4 of its levels.

You collected 152 gold pieces.

Inventory:

Hand weapons
 a - a +0 whip of pain
   (You took it off a kobold on level 2 of the Dungeon)
 b - a +0 hand crossbow (weapon)
 p - a +2 dagger of protection
   (You took it off a goblin on level 2 of the Dungeon)
Missiles
 d - 11 bolts (quivered)
 n - 9 poisoned needles
 Z - 199 stones
Armour
 e - a +0 robe
 f - a +0 plate armour (worn)
 h - a +0 ring mail
Rods
 S - a +1 rod of the swarm (12/12) {!a}
   (You found it on level 2 of the Dungeon)
Jewellery
 r - a ring of magical power (left hand)
Scrolls
 g - a scroll of identify
 i - a scroll of blinking {unknown}
 m - a scroll of fear {!r}
 s - 2 scrolls of remove curse
 t - a scroll of magic mapping {!r}
 u - a scroll of teleportation {!r}
 v - a scroll of enchant armour
Books
 c - Cigotuvi's Almanac of Evil Arts

   Spells                             Type                      Level
   a - Pain                           Necromancy                   1
   b - Vampiric Draining              Necromancy                   3
 q - a book of Battle


   Skills:
 - Level 2.0 Fighting
 + Level 0.0 Maces & Flails
 - Level 4.3 Crossbows
 - Level 1.5 Armour
   Level 1.0 Shields
   Level 1.5 Charms
 + Level 0.4 Necromancy
   Level 1.0 Ice Magic
 - Level 1.0 Evocations


You had 3 spell levels left.
You knew the following spells:

 Your Spells              Type           Power        Failure   Level  Hunger
a - Pain                  Necr           #...         100%        1    N/A

Dungeon Overview and Level Annotations

Branches:
Dungeon (4/15)
 Temple: D:4-7

Altars:
Dithmenos
Gozag

Shops:
D:4 :

Annotations:
D:4 Sigmund


Innate Abilities, Weirdness & Mutations

You do not eat or drink.
Your flesh is vulnerable to fire.
You are immune to poison.
Your flesh is cold resistant.
You are immune to negative energy.
You are immune to unholy pain and torment.
You can survive without breathing.


Message History

The worm is heavily wounded.
Firing (i - inventory. (,) - cycle):
d - 9 bolts (quivered)
Press: ? - help, Shift-Dir - straight line, f/p - worm
Aim: a worm (heavily wounded)
You shoot a bolt. The bolt hits the worm!
You kill the worm!
Found an emerald potion.
d - 10 bolts (gained 2)
d - 11 bolts (gained 1)
You hear the quick rusting of a very distant drain.
You open the door.
Found a shadowy altar of Dithmenos.
There is an open door here.
There is a shadowy altar of Dithmenos here.
You open the door.
There is an open door here.
Found a ring mail.
Sigmund the Dreaded comes into view.
He is wielding a vampiric scythe.
Sigmund shouts!
Sigmund mumbles some strange words.
Sigmund flickers and vanishes!
Deactivating autopickup; reactivate with Ctrl-A.
You see here a ring mail.
Something hits you.
Damage: 6 (max 6)
Something hits you.
Damage: 6 (max 6)
You closely miss something. Something hits you but does no damage.
You clumsily bash something but do no damage.
You hear some strange, mumbled words.
You are confused.
You hear some strange, mumbled words.
Something tries to affect you, but you resist.
You bump into the rock wall.
Something hits you but does no damage.
You bump into the rock wall.
You bump into the rock wall.
Something hits you.
Damage: 5 (max 5)
You bump into the rock wall.
Something hits you!
Damage: 7 (max 7)
You feel less confused.
You clumsily bash something but do no damage.
Something hits you but does no damage.
Read which item? (? for menu, Esc to quit)
Really read
u - 2 scrolls of teleportation {!r}?
As you read the scroll of teleportation {!r}, it crumbles to dust.
You feel strangely unstable.
You hear some strange, mumbled words.
A puff of flame appears from out of thin air!
The puff of flame hits you! The fire burns you terribly!
You die...

#.####....######
#.................
#.#.####....#####.
#.# #....# #.
#.#.####....# #.
#.#.#.......# #.
#.#.#.......# #.
#.#.#..###..# #.
#@#.#..'∩#..# #.
#.#....###..# ##
#[#.#.......# #
#.#.....(...# #
### #.#..#.######
#.## #.#..#.#
##..### #.#..#.#
#.....## #.#....#
#...!..###
#.#...##


There were no monsters in sight!

Vanquished Creatures
  2 worker ants
  6 adders
  3 worms
  3 orcs
  2 giant cockroaches
  10 goblins
  4 hobgoblins
  3 jackals (D:2)
  7 kobolds
  A ball python (D:1)
  6 bats
  A giant gecko skeleton (D:4)
  3 giant newts
  7 rats
58 creatures vanquished.

Notes
Turn   | Place    | Note
--------------------------------------------------------------
     0 | D:1      | Gorice the Mummy Wanderer began the quest for the Orb.
     0 | D:1      | Gorice set off with: a book of Battle, Cigotuvi's Almanac of Evil Arts, a +0 hand crossbow, 26 bolts, a +0 robe
     0 | D:1      | Reached XP level 1. HP: 16/16 MP: 1/1
     0 | D:1      | Identified Cigotuvi's Almanac of Evil Arts
   309 | D:1      | Reached XP level 2. HP: 22/22 MP: 2/2
   878 | D:2      | Reached skill level 2 in Crossbows
   896 | D:2      | HP: 5/22 [adder (3)]
   897 | D:2      | HP: 1/22 [adder (4)]
   899 | D:2      | Reached XP level 3. HP: 1/27 MP: 3/3
  1301 | D:2      | Identified a +1 rod of the swarm (12/12) (You found it on level 2 of the Dungeon)
  1354 | D:2      | Reached skill level 3 in Crossbows
  1483 | D:2      | Reached XP level 4. HP: 33/33 MP: 4/4
  1857 | D:2      | Learned a level 1 spell: Pain
  2309 | D:3      | Reached skill level 4 in Crossbows
  2359 | D:4      | HP: 9/33 [worker ant (4)]
  2364 | D:4      | HP: 6/33 [worker ant (3)]
  2379 | D:4      | Reached XP level 5. HP: 5/38 MP: 5/5
  2637 | D:4      | Found an opulent altar of Gozag.
  2711 | D:4      | Found Mazoe's Book Shop.
  2756 | D:4      | Found a shadowy altar of Dithmenos.
  2766 | D:4      | Noticed Sigmund
  2780 | D:4      | Killed from afar by Sigmund

Vault maps used:
D:1:      lemuel_arrival_behind_the_door_large, minmay_misc_feat_encased
D:4:      kennysheep_mini, lemuel_coloured_pillars_altar, serial_shops,
          kennysheep_mini_moat, gup_sewer_entry_spiral, first_bread,
          hangedman_minor_gate_pass, uniq_sigmund

Action                   |  1- 3 |  4- 6 || total
-------------------------+-------+-------++-------
Melee: Whip              |       |     6 ||     6
       Hand crossbow     |       |     3 ||     3
 Fire: Hand crossbow     |    80 |    80 ||   160
Throw: Stone             |       |     6 ||     6
  Use: Scroll            |     2 |     5 ||     7

Table legend:
 A = Turns spent in this place as a percentage of turns spent in the entire game.
 B = Non-inter-level travel turns spent in this place as a percentage of non-inter-level travel turns spent in the entire game.
 C = Inter-level travel turns spent in this place as a percentage of turns spent in this place.
 D = Turns resting spent in this place as a percentage of non-inter-level travel turns spent in this place.
 E = Turns spent auto-exploring this place as a percentage of non-inter-level travel turns spent in this place.
 F = Non-inter-level travel turns spent in this place divided by the number of levels of this place that you've seen.
                   A       B       C       D       E      F
               +-------+-------+-------+-------+-------+----------------------
         Total | 100.0 | 100.0 |   0.7 |   0.2 |   6.5 | 256.0
       Dungeon | 100.0 | 100.0 |   0.7 |   0.2 |   6.5 | 256.0
               +-------+-------+-------+-------+-------+----------------------

Vault maps used:
D:1:      lemuel_arrival_behind_the_door_large, minmay_misc_feat_encased
D:4:      kennysheep_mini, lemuel_coloured_pillars_altar, serial_shops,
          kennysheep_mini_moat, gup_sewer_entry_spiral, first_bread,
          hangedman_minor_gate_pass, uniq_sigmund
